 Dungeon Crawl Stone Soup version 0.17-a0-1951-g62301d3 (webtiles) character file.

426 4thArraOfDagon the Sneak (level 6, -3/44 HPs)
             Began as an Octopode Assassin on Oct 2, 2015.
             Slain by an ogre
             ... wielding a +0 giant spiked club
              (11 damage)
             ... on level 8 of the Dungeon.
             The game lasted 00:08:03 (1574 turns).

4thArraOfDagon the Sneak (Octopode Assassin)        Turns: 1574, Time: 00:08:03

Health: -3/44      AC:  1    Str: 11    XL:     6   Next: 97%
Magic:  6/6        EV: 14    Int: 15    God:
Gold:   73         SH:  0    Dex: 13    Spells: 0 memorised, 5 levels left

rFire  + . .     SeeInvis .     a - +2 dagger
rCold  + . .     Clarity  .     (no shield)
rNeg   . . .     SustAt   .     (helmet restricted)
rPois  +         Gourm    .     (no amulet)
rElec  +         Spirit   .     (no ring)
rCorr  +         Warding  .     (no ring)
rMut   .         Stasis   .     (no ring)
MR     .....                    (no ring)
Stlth  ++++......               (no ring)
                                (no ring)
                                (no ring)
                                (no ring)

@: resistant, not resistant to hostile enchantments, stealthy
A: almost no armour, amphibious, 8 rings, constrict 8, camouflage 1, gelatinous
body 1
a: no special abilities


You were on level 8 of the Dungeon.
You were not hungry.

You visited 1 branch of the dungeon, and saw 8 of its levels.
You also visited: Ossuary.

You collected 73 gold pieces.

Inventory:

Hand weapons
 a - a +2 dagger (weapon)
 b - a +0 blowgun
 o - a +0 war axe
Missiles
 c - 8 poisoned needles
 d - 2 curare-tipped needles
 g - 6 javelins (quivered)
Scrolls
 j - a scroll of fog
 k - a scroll of identify
 p - a scroll of remove curse
Potions
 f - 2 potions of haste
 r - a potion of curing
Comestibles
 e - 2 bread rations
 i - a slice of pizza
 l - a meat ration
 m - 5 fruits
 t - a chunk of flesh


   Skills:
 + Level 4.7 Fighting
 - Level 2.0 Short Blades
 * Level 3.0 Axes
 - Level 2.0 Throwing
 + Level 4.2 Dodging
 - Level 5.3 Stealth


You had 5 spell levels left.
You didn't know any spells.

Dungeon Overview and Level Annotations

Branches:
Dungeon (8/15)
 Temple: D:4-7         Lair: D:8-11

Altars:
Dithmenos
Trog

Annotations:
D:6 Pikel


Innate Abilities, Weirdness & Mutations

You cannot wear most types of armour.
You are amphibious.
You can wear up to eight rings at the same time.
You can use your tentacles to constrict eight enemies at once.
Your skin changes colour to match your surroundings (Stealth).
Your rubbery body absorbs attacks (AC +1).


Message History

Drink which item? (? for menu, Esc to quit)
It was a potion of curing.
You feel better.
Drink which item? (? for menu, Esc to quit)
It was a potion of ambrosia.
You are confused.
You feel invigorated.
You feel less invigorated.
You feel less confused.
You open the door.
There is an open door here.
You hit the ogre.
The ogre is lightly wounded.
The ogre hits you with a giant spiked club!!
* * * LOW HITPOINT WARNING * * *
You hit the ogre.
The ogre is moderately wounded.
You barely miss the ogre. You squeeze the ogre!
The ogre is heavily wounded.
The ogre hits you with a giant spiked club!
You die...

#...a.aOo....
##.#######......#
...# #......#
##### #......###
#.#### #........
#..... #......#
###### #......# #
#.O...# # #@# #.#
#.# #.# #.# #.#
#.# ........#
#######.#


You could see an ogre.

Vanquished Creatures
  A sky beast (D:6)
  A scorpion (D:6)
  A crimson imp (D:5)
  3 orc wizards
  An orc priest (D:6)
  2 worker ants
  A mummy (Ossuary)
  3 adders
  A worm (D:2)
  9 orcs
  A ball python (D:3)
  2 giant cockroaches (D:7)
  5 goblins
  3 hobgoblins (D:2)
  3 kobolds (D:1)
  A quokka (D:3)
  A bat (D:2)
  A giant newt (D:1)
  6 gnoll skeletons (Ossuary)
  A kobold skeleton (Ossuary)
  10 orc skeletons (Ossuary)
  A quokka zombie (D:4)
  3 rats
61 creatures vanquished.

Vanquished Creatures (others)
  A bat (D:2)
1 creature vanquished.

Grand Total: 62 creatures vanquished

Notes
Turn   | Place    | Note
--------------------------------------------------------------
     0 | D:1      | 4thArraOfDagon the Octopode Assassin began the quest for the Orb.
     0 | D:1      | Reached XP level 1. HP: 14/14 MP: 1/1
     2 | D:1      | Noticed an electric eel
   167 | D:1      | Reached XP level 2. HP: 18/20 MP: 2/2
   431 | D:2      | Reached XP level 3. HP: 18/25 MP: 3/3
   522 | D:2      | Found a bloodstained altar of Trog.
   522 | D:2      | Found a shadowy altar of Dithmenos.
   716 | D:5      | Entered Level 5 of the Dungeon
   756 | D:5      | Reached XP level 4. HP: 23/31 MP: 4/4
   794 | D:5      | Reached XP level 5. HP: 29/37 MP: 5/5
   981 | D:6      | Noticed an orc warrior
  1033 | D:6      | Reached skill level 1 in Axes
  1093 | D:6      | Noticed Pikel
  1093 | D:6      | Noticed a slave
  1093 | D:6      | Noticed a slave
  1093 | D:6      | Noticed a slave
  1093 | D:6      | Noticed a slave
  1099 | D:6      | Noticed a sky beast
  1100 | D:6      | Found a sand-covered staircase.
  1103 | D:6      | Killed a sky beast
  1103 | D:6      | Reached XP level 6. HP: 28/44 MP: 6/6
  1114 | Ossuary  | Entered an ossuary
  1114 | Ossuary  | Noticed a wraith
  1114 | Ossuary  | Noticed a wraith
  1114 | Ossuary  | Noticed a wraith
  1203 | Ossuary  | Noticed a wraith
  1265 | D:6      | Noticed a water moccasin
  1460 | D:7      | Noticed an orc warrior
  1462 | D:7      | Noticed an ice beast
  1574 | D:8      | Slain by an ogre

Vault maps used:
D:1:      arrival_aquarium_a
D:2:      gammafunk_temple_overflow_statue, lemuel_flame_loot_1
D:4:      grunt_ministairs_4, nicolae_ru_path_of_blood
D:5:      first_bread, uniq_sigmund
D:6:      nicolae_ossuary_entry_ruins, uniq_pikel
D:7:      overflow_temple_1_default, nicolae_tso_carved_into_rock, nemelex_deck,
          amethyst_overflow_temple_binary, minmay_temple_entry_trees,
          serial_curves, eino_curves_01, eino_curves_01, eino_curves_04,
          uniq_duvessa, uniq_joseph
D:8:      black_bear_nest_2, grunt_lair_entry_elf_guard_hut,
          blue_anna_alchemist, uniq_prince_ribbit1
Ossuary:  ossuary_due_mausoleum

Action                   |  1- 3 |  4- 6 || total
-------------------------+-------+-------++-------
Melee: Dagger            |    52 |    57 ||   109
       War axe           |       |    22 ||    22
 Fire: Blowgun           |     6 |     8 ||    14
  Use: Scroll            |     5 |     5 ||    10
       Potion            |       |     4 ||     4
 Stab: Sleeping          |    10 |     6 ||    16
  Eat: Chunk             |       |     2 ||     2
